 Dungeon Crawl Stone Soup version 0.29-a0-994-gc5c9f59d18 (webtiles) character file.

Game seed: 14429600537994891770

893 Kinoniko the Skirmisher (level 7, -5/64 HPs)
             Began as a Minotaur Hunter on Aug 3, 2022.
             Slain by a wyvern (15 damage)
             ... on level 5 of the Dungeon.
             The game lasted 00:04:53 (4447 turns).

Kinoniko the Skirmisher (Minotaur Hunter)           Turns: 4447, Time: 00:04:54

Health: -5/64      AC: 10    Str: 16    XL:     7   Next: 78%
Magic:  6/6        EV:  5    Int:  6    God:
Gold:   210        SH:  0    Dex: 15    Spells: 6/6 levels left

rFire   . . .      SeeInvis .   a - +2 shortbow (venom)
rCold   . . .      Faith    +   (shield currently unavailable)
rNeg    + . .      Spirit   .   r - +0 plate armour of Pragmatism {rPois rN+ Slay+3}
rPois   +          Reflect  .   (helmet restricted)
rElec   .          Harm     .   (no cloak)
rCorr   .          Rampage  .   (no gloves)
Will    .....                   (no boots)
Stlth   ..........              s - amulet of faith
HPRegen 0.20/turn               (no ring)
MPRegen 0.10/turn               (no ring)

@: no status effects
A: horns 2, retaliatory headbutt
a: no special abilities


You were on level 5 of the Dungeon.
You visited 1 branch of the dungeon, and saw 5 of its levels.

You collected 210 gold pieces.

Inventory:

Hand Weapons
 a - a +2 shortbow of venom (weapon)
Missiles
 j - 17 poisoned darts
Armour
 c - a +0 leather armour
 p - a +3 leather armour
 r - the +0 plate armour of Pragmatism (worn) {rPois rN+ Slay+3}
   (You found it on level 4 of the Dungeon)

   Slay:      It affects your accuracy & damage with ranged weapons and melee
   (+3).
   rPois:     It protects you from poison.
   rN:        It protects you from negative energy.
Jewellery
 s - an amulet of faith (around neck)
Scrolls
 b - 2 scrolls of immolation
 f - a scroll of magic mapping
 g - 3 scrolls of enchant armour
 h - a scroll of noise
 i - a scroll of butterflies
 l - a scroll of teleportation
 t - a scroll of blinking {unknown}
 v - a scroll of identify
Potions
 e - 2 potions of brilliance
 k - a potion of flight
 m - 2 potions of might
 n - a potion of cancellation
 q - a potion of haste


   Skills:
 + Level 6.5 Fighting
 * Level 9.1 Ranged Weapons
 - Level 2.1 Dodging
 - Level 0.7 Stealth


You had 6 spell levels left.
You didn't know any spells.
Your spell library contained the following spells:

 Spells                   Type           Power      Damage    Failure   Level
 Sting                    Tmut/Pois      0%         1d3       100%        1
 Poisonous Vapours        Pois/Air       0%         N/A       100%        2
 Scorch                   Fire           0%         2d5       100%        2
 Flame Wave               Conj/Fire      0%         2d4       100%        4
 Olgreb's Toxic Radiance  Pois           0%         N/A       100%        4
 Freezing Cloud           Conj/Ice/Air   0%         6-21      100%        5
 Simulacrum               Ice/Necr       0%         N/A       100%        6
 Summon Cactus Giant      Summ           0%         N/A       100%        6
 Polar Vortex             Ice            0%         N/A       100%        9


Dungeon Overview and Level Annotations

Branches:
Dungeon (5/15)
 Temple: D:4-7

Altars:
Makhleb


Innate Abilities, Weirdness & Mutations

You have a pair of horns on your head.
You reflexively headbutt those who attack you in melee.


Message History

You destroy the phantom!
Your Ranged Weapons skill increases to level 9!
No target in view!
No target in view!
No target in view!
No target in view!
HP restored.
A wyvern comes into view.
You shoot an arrow. The arrow closely misses the wyvern.
The wyvern hisses angrily.
You shoot an arrow. The arrow closely misses the wyvern.
You shoot an arrow. The arrow barely misses the wyvern.
The wyvern bites you!
The wyvern bites you but does no damage.
You shoot an arrow. The arrow closely misses the wyvern.
The wyvern barely misses you. The wyvern bites you! x2
You shoot an arrow.
The arrow hits the wyvern but does no damage.
The wyvern bites you! The wyvern bites you.
* * * LOW HITPOINT WARNING * * *
You are too injured to fight recklessly!
Unknown command.
Fire: a) +2 shortbow (venom)
Press: ? - help, Q - select action, (/) - cycle Shift-Dir - straight line, f/p - wyvern
Aim: a wyvern (71% to hit)
You shoot an arrow. The arrow hits the wyvern.
The wyvern is lightly wounded.
The wyvern bites you.
* * * LOW HITPOINT WARNING * * *
The wyvern barely misses you. The wyvern bites you!
* * * LOW HITPOINT WARNING * * *
Unknown command.
Unknown command.
Fire: a) +2 shortbow (venom)
Press: ? - help, Q - select action, (/) - cycle Shift-Dir - straight line, f/p - wyvern
Aim: a wyvern (lightly wounded, 71% to hit)
You shoot an arrow. The arrow hits the wyvern!
The wyvern looks as sick as possible!
The wyvern is heavily wounded.
The wyvern bites you!
You die...

#.##................#
##.####.##.##.............†
#...........#######........
#######.##..# #.....#.#
#.##..##### #.....#..
#.........###.#...#.#
#.##.<............#..
#.##..###.###.....#..
#######.##@l###.###.....#..
#.......................#..
######..###.###.###.....#..
#..# #.# #.# #..###### #..#
#.###.###..######
######..###.##.............
#.....................#####
######................#
#...##.##..###...#


You could see a wyvern (extremely poisoned).

Vanquished Creatures
  An ice beast (D:4)
  An ogre (D:5)
  A centaur (D:5)
  A phantom (D:5)
  4 scorpions
  4 hounds
  An orc priest (D:4)
  2 orc wizards (D:4)
  3 adders
  4 worms
  5 dart slugs
  5 orcs (D:4)
  5 ball pythons
  9 endoplasms
  3 giant cockroaches
  5 hobgoblins
  3 jackals (D:2)
  5 quokkas
  5 bats
  4 frilled lizards
  8 goblins
  5 kobolds
  5 rats
89 creatures vanquished.

Notes
Turn   | Place    | Note
-------+----------+-------------------------------------------
     0 | D:1      | Kinoniko the Minotaur Hunter began the quest for the Orb.
     0 | D:1      | Reached XP level 1. HP: 18/18 MP: 0/0
   153 | D:1      | Reached XP level 2. HP: 25/25 MP: 1/1
   414 | D:1      | Reached skill level 5 in Ranged Weapons
   785 | D:2      | Reached XP level 3. HP: 31/31 MP: 2/2
  1898 | D:3      | Reached XP level 4. HP: 22/38 MP: 3/3
  2153 | D:3      | Found a burning altar of Makhleb.
  2355 | D:4      | Reached skill level 6 in Ranged Weapons
  2418 | D:4      | Noticed a scorpion
  2427 | D:4      | Killed a scorpion
  2428 | D:4      | Reached XP level 5. HP: 37/46 MP: 4/4
  2736 | D:4      | Reached skill level 7 in Ranged Weapons
  2736 | D:4      | Reached XP level 6. HP: 31/55 MP: 5/5
  2742 | D:4      | Identified the +0 plate armour of Pragmatism {rPois rN+
                  | Slay+3}
  2993 | D:4      | Reached skill level 5 in Fighting
  3069 | D:4      | Noticed an ice beast
  3745 | D:4      | Killed an ice beast
  3770 | D:4      | Reached skill level 8 in Ranged Weapons
  3770 | D:4      | Reached XP level 7. HP: 61/61 MP: 6/6
  4035 | D:5      | Entered Level 5 of the Dungeon
  4291 | D:5      | Reached skill level 9 in Ranged Weapons
  4440 | D:5      | Noticed a wyvern
  4447 | D:5      | Slain by a wyvern

Illustrated notes

Levels and vault maps discovered:
D:1:      minmay_arrival_up_and_down, layout_loops_ring,
          corexii_leaking_fountain, serial_bayou_pond_c,
          nicolae_figureground_pulse
D:2:      kennysheep_big_flooded_room, layout_loops_cross
D:3:      layout_rooms, lightli_temple_of_fire, grunt_ministairs_5
D:4:      layout_layer_cave
D:5:      layout_basic, serial_shops, nicolae_lakefront_shop, minmay_manual_mess

Skill      XL: |  1  2  3  4  5  6  7 |
---------------+----------------------+-----
Fighting       | 3 4 5 6 |  6.5
Ranged Weapons | 5 6 7 8 9 |  9.1
Dodging        | |  2.1
Stealth        | |  0.7

Action                   |  1- 3 |  4- 6 |  7- 9 || total
-------------------------+-------+-------+-------++-------
 Fire: Shortbow          |   132 |    87 |    43 ||   262
  Use: Scroll            |       |     8 |     7 ||    15
       Potion            |       |     4 |     3 ||     7
Armor: Leather armour    |     8 |    14 |       ||    22
       Plate armour      |       |    20 |    41 ||    61
Dodge: Dodged            |    31 |    23 |    11 ||    65

Table legend: (Time is in decaauts)
 A = Elapsed time spent in this place.
 B = Non-inter-level travel time spent in this place.
 C = Inter-level travel time spent in this place.
 D = Time resting spent in this place.
 E = Time spent auto-exploring this place.
 F = Levels seen in this place.
 G = Mean time per level.
                   A        B        C        D        E       F      G
               +--------+--------+--------+--------+--------+-----+--------+
         Total |   4557 |   4394 |    163 |    733 |   3095 |   5 |  911.4 |
       Dungeon |   4557 |   4394 |    163 |    733 |   3095 |   5 |  911.4 |
               +--------+--------+--------+--------+--------+-----+--------+

Top non-repeatable levels by time:
     D:4: 1728 daAuts
     D:2: 1064 daAuts
     D:1: 723 daAuts
     D:3: 601 daAuts
     D:5: 440 daAuts
